 Dungeon Crawl Stone Soup version 0.24-a0-582-g4d4af81 (webtiles) character file.

Game seed: 9438166562310418180

244427 Firecrotchwizard the Severer (level 19, -4/181 HPs)
             Began as a Hill Orc Monk on Aug 28, 2019.
             Was a High Priest of Beogh.
             Slain by a vault warden
             ... wielding a +0 dire flail
              (15 damage)
             ... on level 2 of the Vaults.
             The game lasted 03:15:20 (41890 turns).

Firecrotchwizard the Severer (Hill Orc Monk)       Turns: 41890, Time: 03:15:21

Health: -4/181     AC: 33    Str: 27    XL:     19   Next: 44%
Magic:  27/32      EV: 20    Int: 10    God:    Beogh [*****.]
Gold:   1035       SH:  0    Dex: 13    Spells: 18/18 levels left

rFire    + + +     SeeInvis .   Z - +2 battleaxe (chop)
rCold    + + .     Gourm    .   (shield currently unavailable)
rNeg     . . .     Faith    .   Q - +8 chain mail "Earthly Heaven" {rCorr Str+5}
rPois    +         Spirit   .   v - +2 helmet
rElec    +         Reflect  .   B - scarf {rC+ rF+}
rCorr    +         Harm     .   a - +2 pair of gloves
MR       +....                  e - +2 pair of boots
Stlth    ..........             i - amulet of regeneration {+regen, !d}
HPRegen  0.80/turn              V - ring "Jifaesh" {rElec rPois rF++ rC+ Stlth-}
MPRegen  0.23/turn              f - +5 ring of evasion

@: hasted, recalling, very quick
A: walk on water
}: 2/15 runes: serpentine, barnacled
a: Smiting, Stop Recall, Give Item to Named Follower, Renounce Religion


You were on level 2 of the Vaults.
You worshipped Beogh.
Beogh was extremely pleased with you.
You were not hungry.

You visited 7 branches of the dungeon, and saw 33 of its levels.

You collected 2793 gold pieces.
You spent 1758 gold pieces at shops.

Inventory:

Hand Weapons
 x - a +0 vampiric demon trident {!w}
   (You took it off Mara on level 2 of the Vaults)
 H - a +7 battleaxe
   (You found it on level 7 of the Dungeon)
 Z - a +2 battleaxe of chopping (weapon)
   (You took it off a vault warden on level 1 of the Vaults)
Missiles
 j - 82 poisoned darts
 y - 8 curare-tipped darts
Armour
 a - a +2 pair of gloves (worn)
   (You found it on level 3 of the Lair of Beasts)
 e - a +2 pair of boots (worn)
   (You found it on level 8 of the Dungeon)
 v - a +2 helmet (worn)
   (You took it off Robin on level 4 of the Dungeon)
 B - a scarf of resistance (worn)
   (You found it on level 3 of the Shoals)
 J - a +3 plate armour
   (You found it on level 13 of the Dungeon)
 Q - the +8 chain mail "Earthly Heaven" (worn) {rCorr Str+5}
   (You found it on level 1 of the Vaults)

   It affects your strength (+5).
   It provides partial protection from all sources of acid and corrosion.
Jewellery
 f - a +5 ring of evasion (right hand)
   (You took it off a merfolk siren on level 4 of the Shoals)
 i - an amulet of regeneration (around neck) {+regen, !d}
   (You found it on level 1 of the Dungeon)
 w - the ring of Desacael {Str+2 Stlth+}
   (You acquired it on level 12 of the Dungeon)

   [ring of strength]

   It affects your strength (+2).
   It makes you more stealthy.
 D - an uncursed ring of protection from cold {rC+, !d}
   (You found it on level 3 of the Shoals)
 K - an uncursed ring of see invisible {sInv, !d}
   (You found it on level 1 of the Lair of Beasts)
 V - the ring "Jifaesh" (left hand) {rElec rPois rF++ rC+ Stlth-}
   (You took it off a merfolk on level 4 of the Shoals)

   [ring of poison resistance]

   It greatly protects you from fire.
   It protects you from cold.
   It insulates you from electricity.
   It protects you from poison.
   It makes you less stealthy.
Wands
 g - a wand of polymorph (37)
   (You found it on level 6 of the Dungeon)
 n - a wand of paralysis (27)
   (You found it on level 9 of the Dungeon)
 E - a wand of acid (7)
   (You found it on level 1 of the Snake Pit)
 I - a wand of iceblast (29)
   (You found it on level 8 of the Dungeon)
 P - a wand of enslavement (8)
   (You found it on level 1 of the Lair of Beasts)
 S - a wand of digging (4)
   (You found it on level 1 of the Snake Pit)
 T - a wand of flame (25)
   (You found it on level 1 of the Lair of Beasts)
 U - a wand of disintegration (21)
   (You found it on level 2 of the Lair of Beasts)
Scrolls
 d - 3 scrolls of magic mapping {!r}
 h - 3 scrolls of fog
 k - 12 scrolls of teleportation
 l - 10 scrolls of remove curse
 r - 6 scrolls of amnesia
 A - a scroll of acquirement
 O - a scroll of fear
 W - 5 scrolls of identify
 X - 5 scrolls of blinking {!r}
Potions
 m - 5 potions of magic
 o - 9 potions of curing
 p - 2 potions of agility
 s - 2 potions of ambrosia
 t - 6 potions of invisibility
 u - 3 potions of cancellation
 C - 2 potions of mutation {!q}
 G - 7 potions of flight
 L - 4 potions of might
 M - a potion of resistance
 N - 6 potions of haste
 R - 7 potions of brilliance
 Y - 4 potions of lignification {!q}
Miscellaneous
 q - a phial of floods
   (You found it on level 4 of the Lair of Beasts)
Comestibles
 b - 4 chunks of flesh {@w0}
 c - 25 rations


   Skills:
 + Level 18.8 Fighting
 - Level 20.0 Axes
 + Level 17.0 Armour
 + Level 11.0 Dodging
 - Level 1.5 Stealth
 + Level 18.1 Invocations
 - Level 6.9 Evocations


You had 18 spell levels left.
You didn't know any spells.
Your spell library contained the following spells:

 Spells                   Type           Power        Failure   Level  Hunger
 Confusing Touch          Hex            #.....       77%         1    ##.....
 Corona                   Hex            #......      77%         1    ##.....
 Flame Tongue             Conj/Fire      #....        77%         1    ##.....
 Magic Dart               Conj           #...         77%         1    ##.....
 Shock                    Conj/Air       #...         77%         1    ##.....
 Summon Small Mammal      Summ           #...         77%         1    ##.....
 Blink                    Tloc           N/A          88%         2    ###....
 Call Imp                 Summ           #.......     88%         2    ###....
 Ensorcelled Hibernation  Hex/Ice        #.....       88%         2    ###....
 Poisonous Vapours        Pois/Air       #.....       88%         2    ###....
 Searing Ray              Conj           #.....       88%         2    ###....
 Slow                     Hex            #.......     88%         2    ###....
 Swiftness                Chrm/Air       #.......     88%         2    ###....
 Throw Flame              Conj/Fire      #.....       88%         2    ###....
 Call Canine Familiar     Summ           #.......     98%         3    ####...
 Confuse                  Hex            #.......     98%         3    ####...
 Conjure Flame            Conj/Fire      #.......     98%         3    ####...
 Dazzling Spray           Conj/Hex       #.....       98%         3    ####...
 Gell's Gravitas          Tloc           #.........   98%         3    ####...
 Inner Flame              Hex/Fire       #.......     98%         3    ####...
 Mephitic Cloud           Conj/Pois/Air  #.......     98%         3    ####...
 Recall                   Summ/Tloc      N/A          98%         3    ####...
 Static Discharge         Conj/Air       #.......     98%         3    ####...
 Summon Guardian Golem    Hex/Summ       #.......     98%         3    ####...
 Tukima's Dance           Hex            #.......     98%         3    ####...
 Airstrike                Air            #.........   100%        4    #####..
 Animate Dead             Necr           N/A          100%        4    #####..
 Force Lance              Conj/Tloc      #.......     100%        4    #####..
 Fulminant Prism          Conj/Hex       #.........   100%        4    #####..
 Iskenderun's Mystic Bla  Conj           #.......     100%        4    #####..
 Petrify                  Tmut/Erth      #.......     100%        4    #####..
 Sticky Flame             Conj/Fire      #.......     100%        4    #####..
 Summon Ice Beast         Ice/Summ       #.......     100%        4    #####..
 Summon Lightning Spire   Summ/Air       #.......     100%        4    #####..
 Aura of Abjuration       Summ           #.........   100%        5    ######.
 Borgnjor's Vile Clutch   Necr/Erth      #.........   100%        5    ######.
 Fireball                 Conj/Fire      #.........   100%        5    ######.
 Irradiate                Conj/Tmut      #.........   100%        5    ######.
 Lightning Bolt           Conj/Air       #.........   100%        5    ######.
 Metabolic Englaciation   Hex/Ice        #.........   100%        5    ######.
 Summon Demon             Summ           #.........   100%        5    ######.
 Summon Forest            Summ/Tloc      #.........   100%        5    ######.
 Summon Mana Viper        Hex/Summ       #.......     100%        5    ######.
 Yara's Violent Unravell  Hex/Tmut       #.........   100%        5    ######.
 Death Channel            Necr           #.........   100%        6    #######
 Freezing Cloud           Conj/Ice/Air   #.........   100%        6    #######
 Hydra Form               Tmut           #.........   100%        6    #######
 Shadow Creatures         Summ           N/A          100%        6    #######
 Simulacrum               Ice/Necr       #.........   100%        6    #######
 Statue Form              Tmut/Erth      #........    100%        6    #######
 Dragon Form              Tmut           #.........   100%        7    #######
 Ring of Flames           Chrm/Fire      #.........   100%        7    #######


Dungeon Overview and Level Annotations

Branches:
Dungeon (15/15)            Temple (1/1) D:4            Lair (6/6) D:8
 Shoals (4/4) Lair:3        Snake (4/4) Lair:2          Orc (1/2) D:9
 Vaults (2/5) D:14         Depths (0/5) D:15
  Slime: Lair:5-6     Crypt: Vaults:2-3

Altars:
Fedhas
Gozag
Makhleb
Okawaru
Qazlal
Ru
Sif Muna
Uskayaw
Vehumet
Wu Jian
Yredelemnul
Zin
The Shining One

Shops:
D:12 (   D:13 *   D:15 %   Shoals:1 *   Shoals:4 %   Snake:1 ?   Snake:4 =}}
Vaults:2 !

Annotations:
D:8 2 transporters
Lair:2 exclusion: oklob plant
Lair:3 1 runed translucent door
Lair:5 exclusion: 3 oklob plants
Lair:6 2 runed translucent doors
Shoals:2 Polyphemus
Vaults:2 Jory


Message History

You kill the cyclops!
Beogh accepts your kill.
You slash the centaur warrior!
The centaur warrior hits you but does no damage.
The vault warden closely misses you.
The vault warden hits you but does no damage.
The centaur warrior hits you but does no damage. x2
The vault warden activates a sealing rune.
A door slams shut!
You see here 6 large rocks {!d}.
You hit the vault warden but do no damage.
You slash the centaur warrior!
You hit the vault warden but do no damage.
The vault warden hits you but does no damage.
You slash the vault warden! You hit the centaur warrior.
You barely miss the vault warden. You slash the vault warden! x2
You hit the vault warden but do no damage.
The vault warden hits you but does no damage.
The vault warden hits you with a +0 bardiche!!
You take 26 damage, and have 63/181 hp.
You barely miss the vault warden. x2; You closely miss the vault warden.
Some of the chunks of flesh in your inventory have rotted away.
You hit the vault warden. x2; You slash the vault warden!
The vault warden hits you but does no damage.
The vault warden hits you with a +2 bardiche!
* * * LOW HITPOINT WARNING * * *
You take 15 damage, and have 48/181 hp.
You slice the vault warden!! You hit the vault warden. x2
The sentinel's mark upon you fades away.
The vault warden misses you.
The vault warden hits you but does no damage.
You slash the vault warden! You closely miss the vault warden.
You barely miss the vault warden.
The vault warden hits you with a +2 bardiche.
* * * LOW HITPOINT WARNING * * *
You take 5 damage, and have 43/181 hp.
You feel yourself speed up.
The centaur warrior no longer looks unusually strong.
The vault warden hits you but does no damage. x2
The ironbrand convoker points at the vault warden and mumbles some strange words.
The vault warden seems to grow stronger.
You feel much better.
The vault warden hits you with a +2 bardiche!!
* * * LOW HITPOINT WARNING * * *
The vault warden completely misses you.
You take 4 damage, and have 40/181 hp.
You feel much better.
The vault warden activates a sealing rune.
You regained 24 hp, and now have 64/181 hp.
You hit the vault warden but do no damage.
You hit the vault warden. x2
The vault warden hits you but does no damage.
You closely miss the vault warden. You slash the vault warden!
You completely miss the vault warden.
The vault warden activates a sealing rune.
The vault warden hits you with a +2 bardiche!!
* * * LOW HITPOINT WARNING * * *
You take 27 damage, and have 37/181 hp.
You hit the vault warden. You closely miss the vault warden. x2
You barely miss the vault warden. You slash the vault warden!
You hit the vault warden.
The vault warden hits you but does no damage.
The vault warden misses you.
You hit the vault warden but do no damage.
You closely miss the vault warden.
You hit the vault warden but do no damage.
The vault warden hits you with a +2 bardiche!!
* * * LOW HITPOINT WARNING * * *
You take 29 damage, and have 8/181 hp.
You feel much better.
The vault warden hits you with a +0 dire flail!
* * * LOW HITPOINT WARNING * * *
You regained 7 hp, and now have 15/181 hp.
You feel much better.
The vault warden activates a sealing rune.
You regained 20 hp, and now have 35/181 hp.
You begin recalling your allies.
Borgun is recalled.
Wargrak is recalled.
The vault warden hits you with a +2 bardiche.
* * * LOW HITPOINT WARNING * * *
The vault warden hits you with a +0 dire flail.
* * * LOW HITPOINT WARNING * * *
Something hits Borgun!
The vault warden hits you with a +0 bardiche!!
* * * LOW HITPOINT WARNING * * *
You take 25 damage, and have 10/181 hp.
You now have 30/32 mp.
Smite: a vault warden, wielding a +2 bardiche and wearing a +0 chain mail (almost dead, unusually strong)
You smite the vault warden!
You kill the vault warden!
Beogh accepts your kill.
Your Dodging skill increases to level 11!
Your orc knight is recalled.
Borgun roars a battlecry!
Your orc knights go into a battle-frenzy!
The yaktaur unwields a +0 arbalest.
The yaktaur hits your orc knight!
The centaur warrior wields a +0 shortbow.
The centaur warrior shoots an arrow.
The arrow hits your orc knight.
The vault warden hits you with a +0 dire flail!
You die...

## #. #. #. ##+#
###+########
#..#######.(.(.......
#..#ppco##..))(......
#..+@oc.##.....(.....
######co##cp....)....
.##.p.c.......
##.....######
.+.pc..# .p#.....#
###.....# #..... #...


You could see 2 vault wardens, a centaur warrior, 2 yaktaurs, a friendly orc
knight, the friendly Borgun the orc knight and the friendly Wargrak the orc
knight.

Vanquished Creatures
  Kirke (Shoals:3)
  8 nagarajas
  8 vault wardens
  7 ironheart preservers
  5 very ugly things (Vaults:1)
  A stone giant (Vaults:2)
  Nessos (Lair:6)
  4 merfolk impalers
  5 merfolk javelineers
  2 fire dragons
  Erolcha (D:13)
  3 yaktaur captains
  An ice dragon (Vaults:2)
  5 ogre magi
  4 hydras
  17 naga warriors
  A rakshasa (Vaults:1)
  6 vault guards
  5 centaur warriors
  4 anacondas (Snake:2)
  A catoblepas (Shoals:1)
  18 two-headed ogres
  A deep troll shaman (Vaults:1)
  3 death yaks
  A satyr (Shoals:3)
  2 tengu warriors
  6 naga sharpshooters
  A deep troll earth mage (Vaults:1)
  2 shock serpents
  Sonja (Lair:3)
  2 salamander mystics
  12 sea snakes
  An unseen horror (D:15)
  2 deep trolls (Vaults:1)
  A deep elf archer (Vaults:1)
  3 wizards
  2 naga ritualists
  9 ironbrand convokers
  A necromancer (D:14)
  Pikel (D:5)
  11 harpies
  2 lindwurms (Lair:6)
  4 wolf spiders
  9 manticores
  14 ugly things
  5 deep elf magi
  8 fauns
  10 salamanders
  A mana viper (Snake:1)
  8 cyclopes
  4 guardian serpents
  4 merfolk sirens
  3 elephants (Lair:6)
  8 vault sentinels
  9 naga magi
  24 black mambas
  4 water nymphs
  A molten gargoyle (Lair:6)
  5 gargoyles
  5 spiny frogs
  4 rime drakes
  2 centaur skeletons
  10 komodo dragons
  A freezing wraith (D:9)
  9 yaktaurs (Vaults:1)
  An efreet (D:14)
  A kobold demonologist (D:13)
  2 trolls
  13 merfolk
  2 hornets
  3 wind drakes
  A polar bear (Lair:3)
  A queen bee (shapeshifter) (D:15)
  9 blink frogs
  4 dream sheep (Lair:5)
  A raiju (shapeshifter) (Vaults:2)
  3 snapping turtles
  25 slime creatures
  9 hippogriffs
  2 wyverns
  A vampire (D:13)
  27 yaks
  2 water elementals (Shoals:4)
  12 humans (D:14)
  A wraith (Vaults:1)
  3 basilisks
  3 hungry ghosts
  A golden eye (shapeshifter) (D:15)
  3 steam dragons
  37 nagas
  3 wargs (Orc:1)
  Duvessa (D:5)
  12 water moccasins
  2 acid dragons
  4 hell hounds
  6 porcupines
  An eye of draining (D:12)
  3 ice beasts
  9 orc warriors
  A black bear (D:9)
  3 slaves (D:5)
  2 sky beasts
  2 phantoms
  17 wolves
  2 boggarts (D:15)
  15 ogres
  15 centaurs
  11 crocodiles
  2 big kobolds (D:13)
  11 bullfrogs
  Dowan (D:5)
  A wyvern skeleton (D:10)
  6 scorpions
  23 killer bees
  6 howler monkeys
  5 crimson imps
  A centaur zombie (D:11)
  5 lava snakes (Lair:6)
  A quasit (D:12)
  4 hounds
  9 orc wizards
  3 orc priests
  A bullfrog zombie (D:6)
  A jelly (D:6)
  2 bullfrog skeletons
  An iguana (D:14)
  Ijyb (D:5)
  16 worker ants
  2 hound skeletons
  Robin (D:4)
  4 gnolls
  8 adders
  4 shadow imps
  An ooze (D:7)
  2 worms
  2 dart slugs
  7 leopard geckos
  30 orcs
  2 bats
  4 giant cockroaches
  14 goblins
  11 hobgoblins
  14 jackals
  12 kobolds
  3 quokkas
  4 frilled lizards
  A leopard gecko skeleton (D:5)
  2 quokka zombies
  8 rats
  7 fungi
  18 plants
861 creatures vanquished.

Vanquished Creatures (collateral kills)
  Mara (Vaults:2)
  4 nagarajas (Snake:4)
  A vault warden (Vaults:2)
  A deep elf sorcerer (Vaults:1)
  Aizul (Lair:2)
  2 merfolk impalers (Shoals:4)
  4 naga warriors (Snake:4)
  5 hydras
  A merfolk aquamancer (Shoals:4)
  An ogre mage (D:15)
  8 two-headed ogres
  A tengu warrior (D:13)
  4 death yaks
  A shock serpent (Snake:4)
  A deep elf knight (Vaults:1)
  A naga sharpshooter (Snake:4)
  2 sea snakes
  3 wizards
  A naga ritualist (Snake:4)
  An ironbrand convoker (Vaults:2)
  3 ugly things
  8 harpies
  A mana viper (Snake:4)
  2 necromancers (D:14)
  A deep elf mage (Vaults:1)
  3 slime creatures (D:15)
  A water nymph (Shoals:4)
  A merfolk siren (Shoals:4)
  A guardian serpent (Snake:3)
  3 black mambas
  2 molten gargoyles (Lair:6)
  A vault sentinel (Vaults:2)
  3 naga magi
  A spiny frog (Lair:3)
  A yaktaur (Vaults:2)
  5 merfolk
  A tengu conjurer (D:15)
  A hornet (D:12)
  13 blink frogs
  5 dream sheep
  2 snapping turtles
  3 hippogriffs
  A hornet (shapeshifter) (D:11)
  5 humans (D:14)
  3 wyverns
  16 yaks
  A hungry ghost (D:12)
  14 nagas
  A warg (Orc:1)
  An acid dragon (D:11)
  2 porcupines
  3 water moccasins
  2 orc warriors
  3 ogres
  A boggart (D:15)
  A crocodile (D:8)
  2 bullfrogs
  A big kobold (D:13)
  A scorpion (D:8)
  A killer bee (D:11)
  3 wights (D:13)
  A centaur zombie (D:8)
  2 hounds
  5 orc priests
  3 orc wizards
  2 shadow imps
  10 orcs
  4 jackals (D:10)
  4 kobolds (D:13)
  3 fungi (Lair:3)
  12 plants
214 creatures vanquished.

Vanquished Creatures (others)
  10 orc knights
  A komodo dragon (Lair:6)
  A merfolk (Shoals:4)
  5 humans (Shoals:3)
  10 orc warriors
  12 orc priests
  12 orc wizards
  37 orcs
  2 jackals (D:6)
  6 fungi
  25 plants
121 creatures vanquished.

Grand Total: 1196 creatures vanquished

Notes
Turn   | Place    | Note
-------+----------+-------------------------------------------
     0 | D:1      | Firecrotchwizard the Hill Orc Monk began the quest for the
                  | Orb.
     0 | D:1      | Reached XP level 1. HP: 19/19 MP: 1/1
   190 | D:1      | Reached XP level 2. HP: 16/27 MP: 2/2
   783 | D:2      | Reached skill level 4 in Fighting
   873 | D:2      | Reached XP level 3. HP: 29/33 MP: 3/3
   888 | D:2      | HP: 8/33 [worm (8)]
  1204 | D:1      | Reached skill level 5 in Axes
  1684 | D:2      | Reached XP level 4. HP: 32/40 MP: 4/4
  1919 | D:2      | Reached skill level 3 in Dodging
  2570 | D:3      | Found a basalt altar of Yredelemnul.
  2644 | D:3      | Reached XP level 5. HP: 40/47 MP: 5/5
  2790 | D:3      | Found a basalt altar of Yredelemnul.
  2791 | D:3      | Found a glowing silver altar of Zin.
  3030 | D:4      | Noticed Robin
  3046 | D:3      | Reached skill level 6 in Axes
  3059 | D:4      | Noticed an ogre
  3413 | D:4      | Killed Robin
  3421 | D:4      | Reached skill level 5 in Fighting
  3421 | D:4      | Reached XP level 6. HP: 41/56 MP: 6/6
  3808 | D:4      | Reached skill level 7 in Axes
  3983 | D:4      | Found a staircase to the Ecumenical Temple.
  3991 | Temple   | Entered the Ecumenical Temple
  4128 | D:4      | Reached XP level 7. HP: 43/61 MP: 7/7
  4206 | D:4      | Became a worshipper of Beogh the Brigand
  4206 | D:4      | Reached * piety under Beogh
  4206 | D:4      | Reached ** piety under Beogh
  4416 | D:5      | Entered Level 5 of the Dungeon
  4508 | D:5      | Noticed a hungry ghost
  4657 | D:4      | Reached skill level 8 in Axes
  4657 | D:4      | Reached skill level 1 in Invocations
  4705 | D:5      | Reached skill level 1 in Armour
  4721 | D:5      | Killed a hungry ghost
  4721 | D:5      | Reached skill level 6 in Fighting
  5013 | D:5      | Reached skill level 2 in Invocations
  5047 | D:5      | Noticed Dowan
  5103 | D:5      | Noticed Ijyb
  5135 | D:5      | Killed Ijyb
  5201 | D:5      | Noticed Duvessa
  5234 | D:5      | Killed Duvessa
  5234 | D:5      | Reached skill level 2 in Armour
  5234 | D:5      | Reached XP level 8. HP: 56/70 MP: 9/9
  5329 | D:4      | Reached skill level 9 in Axes
  5600 | D:5      | Noticed Pikel
  5619 | D:5      | Killed Pikel
  5619 | D:5      | Reached skill level 3 in Armour
  5619 | D:5      | Reached skill level 3 in Invocations
  5707 | D:5      | Reached skill level 10 in Axes
  5707 | D:5      | Reached skill level 4 in Invocations
  5753 | D:5      | Reached skill level 7 in Fighting
  5780 | D:5      | Killed Dowan
  5941 | D:5      | Reached XP level 9. HP: 55/79 MP: 12/12
  6351 | D:6      | Reached skill level 4 in Armour
  6470 | D:6      | Reached skill level 5 in Invocations
  6867 | D:6      | Reached skill level 11 in Axes
  7766 | D:7      | Found an opulent altar of Gozag.
  7766 | D:7      | Found a sacrificial altar of Ru.
  7819 | D:7      | Reached skill level 8 in Fighting
  7864 | D:7      | Reached skill level 5 in Armour
  7864 | D:7      | Reached skill level 6 in Invocations
  7987 | D:7      | Reached *** piety under Beogh
  7991 | D:7      | Found a blossoming altar of Fedhas.
  8445 | D:8      | Reached skill level 12 in Axes
  8446 | D:8      | Gained Hawl as an ally
  8463 | D:8      | Reached XP level 10. HP: 61/90 MP: 14/14
  8475 | D:8      | Found a staircase to the Lair.
  8511 | D:8      | Your ally Hawl died
  8511 | D:8      | HP: 22/90 [centaur zombie (6)]
  8513 | D:8      | Reached skill level 7 in Invocations
  8521 | D:8      | Noticed a two-headed ogre
  8703 | D:8      | Killed a two-headed ogre
  8703 | D:8      | Reached skill level 6 in Armour
  8799 | D:8      | Reached skill level 9 in Fighting
  8872 | D:8      | Noticed a catoblepas
  8873 | D:8      | Found a transporter.
  8873 | D:8      | Noticed a wolf spider
  8874 | D:8      | Noticed a guardian serpent
  8915 | D:8      | Reached skill level 13 in Axes
  8923 | D:8      | a guardian serpent changed into a tarantella
  8980 | D:8      | Found a transporter.
  9090 | D:8      | Found an ornate altar of the Wu Jian Council.
  9254 | D:8      | HP: 19/91 [orc warrior/+0 trident (12)]
  9438 | D:8      | Reached skill level 8 in Invocations
  9549 | D:9      | Reached **** piety under Beogh
  9610 | D:9      | Found a staircase to the Orcish Mines.
  9785 | D:9      | Reached skill level 7 in Armour
  9824 | D:9      | Noticed a centaur warrior
  9853 | D:9      | Reached XP level 11. HP: 42/99 MP: 17/17
 10138 | D:9      | Killed a centaur warrior
 10138 | D:9      | Reached skill level 14 in Axes
 10228 | D:9      | Reached skill level 10 in Fighting
 10244 | D:9      | Reached skill level 9 in Invocations
 10408 | D:10     | Entered Level 10 of the Dungeon
 10482 | Lair:1   | Entered Level 1 of the Lair of Beasts
 10533 | Lair:1   | Found a sacrificial altar of Ru.
 10605 | Lair:1   | Noticed a five-headed hydra
 10631 | D:8      | Killed a five-headed hydra
 10794 | D:8      | Reached skill level 8 in Armour
 11021 | D:8      | Reached skill level 15 in Axes
 11766 | Lair:1   | Reached skill level 10 in Invocations
 11782 | Lair:2   | Found a staircase to the Snake Pit.
 11784 | Lair:2   | Found a gate leading to a gauntlet.
 11893 | Lair:2   | You fall into a shaft and drop 1 floor!
 11907 | Lair:3   | Reached XP level 12. HP: 96/108 MP: 19/19
 11997 | Lair:3   | Found a staircase to the Shoals.
 12051 | Lair:3   | Noticed Sonja
 12052 | Lair:3   | Killed Sonja
 12098 | Lair:3   | Reached skill level 11 in Fighting
 12255 | Lair:3   | Reached skill level 1 in Evocations
 12262 | Lair:3   | Reached ***** piety under Beogh
 12339 | Lair:3   | Noticed a four-headed hydra
 12345 | Lair:2   | Reached skill level 9 in Armour
 12713 | Lair:2   | Reached skill level 16 in Axes
 13237 | Lair:2   | Reached skill level 2 in Evocations
 13430 | Lair:2   | Identified a scroll of acquirement
 13850 | Lair:3   | Killed a four-headed hydra
 14195 | Lair:3   | Found a runed translucent door.
 14248 | Lair:3   | Gained Zartorak as an ally
 14453 | Lair:3   | Reached skill level 3 in Evocations
 14576 | Lair:3   | Noticed an eight-headed hydra
 14769 | Lair:4   | Got a black opal-encrusted chain mail
 14781 | Lair:4   | Identified the cursed +0 chain mail of Responsibility
                  | {Dex+4} (You found it on level 4 of the Lair of Beasts)
 15941 | Lair:5   | Reached skill level 17 in Axes
 15941 | Lair:5   | Reached skill level 4 in Evocations
 16181 | Lair:5   | Reached XP level 13. HP: 104/117 MP: 20/20
 16197 | Lair:5   | Reached skill level 12 in Fighting
 16563 | Lair:6   | Entered Level 6 of the Lair of Beasts
 16579 | Lair:5   | Reached skill level 10 in Armour
 17204 | Lair:5   | Reached skill level 5 in Evocations
 17696 | Lair:6   | Noticed Nessos
 17701 | Lair:6   | Killed Nessos
 17913 | Lair:5   | Gained Borgun as an ally
 17922 | Lair:6   | Reached skill level 18 in Axes
 17961 | Lair:6   | HP: 29/119 [poisoned by a black mamba]
 17966 | Lair:6   | HP: 14/119 [poisoned by a black mamba]
 18611 | Lair:6   | Found a shimmering blue altar of Sif Muna.
 18916 | Lair:6   | Reached skill level 6 in Evocations
 19453 | Lair:6   | Reached skill level 11 in Armour
 19696 | Lair:6   | Reached skill level 13 in Fighting
 19720 | Lair:6   | Reached XP level 14. HP: 69/129 MP: 14/21
 19730 | Lair:6   | HP: 32/129 [komodo dragon (16)]
 19738 | Lair:6   | HP: 25/129 [black mamba (5)]
 19743 | Lair:6   | HP: 20/129 [komodo dragon (7)]
 20255 | Lair:6   | Found a large runed translucent door.
 20256 | Lair:6   | Found a large runed translucent door.
 21298 | D:11     | Gained Warrok as an ally
 21446 | D:11     | Your ally Warrok died
 21450 | D:11     | Reached skill level 19 in Axes
 22236 | D:11     | Paralysed by a hornet for 3 turns
 22239 | D:11     | Gained Oreg as an ally
 22860 | D:12     | Found Ozxugetui's Weapon Emporium.
 23037 | D:12     | Gained Orgrim as an ally
 23455 | D:13     | Found Piceoh's Assorted Antiques.
 23733 | D:13     | Reached skill level 11 in Invocations
 23808 | D:13     | Found a glowing golden altar of the Shining One.
 23839 | D:13     | Noticed Erolcha
 23846 | D:13     | Killed Erolcha
 24178 | D:13     | Reached skill level 12 in Armour
 24598 | D:14     | HP: 31/130 [poisoned by a wolf spider]
 24603 | D:14     | HP: 28/130 [poisoned by a wolf spider]
 24609 | D:14     | HP: 26/130 [poisoned by a wolf spider]
 24614 | D:14     | HP: 24/130 [poisoned by a wolf spider]
 24620 | D:14     | HP: 24/130 [poisoned by a wolf spider]
 24628 | D:14     | HP: 25/130 [poisoned by a wolf spider]
 25322 | D:14     | Reached skill level 20 in Axes
 25323 | D:14     | Reached skill level 14 in Fighting
 25326 | D:14     | Reached ****** piety under Beogh
 25357 | D:14     | Paralysed by a wizard for 6 turns
 25503 | D:14     | Reached XP level 15. HP: 138/138 MP: 23/23
 25510 | D:14     | Gained Borgoth as an ally
 25717 | D:14     | Found a gate to the Vaults.
 25728 | D:14     | Reached skill level 4 in Dodging
 25886 | D:15     | Entered Level 15 of the Dungeon
 25892 | D:14     | Reached skill level 12 in Invocations
 26029 | D:15     | Gained Okrist as an ally
 26709 | D:15     | Reached skill level 5 in Dodging
 27261 | D:15     | Found Dier's Food Emporium.
 27273 | D:15     | Found a staircase to the Depths.
 27273 | D:15     | Noticed a fire giant
 27360 | D:12     | Got a sparkling platinum ring
 27362 | D:12     | Identified the ring of Desacael {Str+2 Stlth+} (You
                  | acquired it on level 12 of the Dungeon)
 27526 | Shoals:1 | Entered Level 1 of the Shoals
 27570 | Shoals:1 | Found Otoqiupliu's Island Escapes.
 27578 | Shoals:1 | Bought 3 scrolls of blinking for 382 gold pieces
 27578 | Shoals:1 | Bought a scroll of blinking for 127 gold pieces
 27578 | Shoals:1 | Bought a scroll of fog for 34 gold pieces
 27578 | Shoals:1 | Bought a potion of haste for 170 gold pieces
 27578 | Shoals:1 | Bought a potion of haste for 170 gold pieces
 27578 | Shoals:1 | Bought a potion of haste for 170 gold pieces
 27625 | Shoals:1 | Reached skill level 13 in Armour
 28249 | Shoals:2 | Noticed Polyphemus
 28428 | Shoals:2 | Reached skill level 15 in Fighting
 28432 | Shoals:2 | Reached skill level 13 in Invocations
 28838 | Shoals:2 | Reached skill level 6 in Dodging
 28861 | Shoals:2 | HP: 35/141 [poisoned by a merfolk impaler]
 28866 | Shoals:2 | HP: 34/141 [poisoned by a merfolk impaler]
 28872 | Shoals:2 | HP: 34/141 [poisoned by a merfolk impaler]
 29097 | Shoals:2 | Reached XP level 16. HP: 145/149 MP: 12/26
 29248 | Shoals:3 | Noticed Kirke
 29249 | Shoals:3 | Noticed a sphinx
 29252 | Shoals:3 | Killed Kirke
 30148 | Shoals:4 | Entered Level 4 of the Shoals
 30435 | Shoals:4 | Found Naum's Food Shop.
 30463 | Shoals:4 | HP: 33/149 [merfolk/+0 trident (13)]
 30468 | Shoals:4 | HP: 30/149 [poisoned by a merfolk]
 30473 | Shoals:4 | HP: 30/150 [poisoned by a merfolk impaler]
 30474 | Shoals:4 | HP: 13/150 [merfolk impaler/+0 trident of venom (7)]
 30759 | Shoals:4 | Reached skill level 14 in Invocations
 31170 | Shoals:4 | Reached skill level 14 in Armour
 31196 | Shoals:4 | Identified the ring "Jifaesh" {rElec rPois rF++ rC+ Stlth-}
 31205 | Shoals:4 | Reached skill level 7 in Dodging
 31224 | Shoals:4 | Gained Wargrak as an ally
 31434 | Shoals:4 | Your ally Oreg died
 31466 | Shoals:4 | Gained Bogdan as an ally
 31483 | Shoals:4 | HP: 36/151 [merfolk impaler/+4 trident of piercing (31)]
 31518 | Shoals:4 | Got a barnacled rune of Zot
 31684 | Snake:1  | Entered Level 1 of the Snake Pit
 31706 | Snake:1  | Noticed Aizul
 31709 | Snake:1  | Reached skill level 16 in Fighting
 31717 | Lair:2   | Killed Aizul
 32105 | Snake:1  | Found Yhayducs's Magic Scroll Shoppe.
 32113 | Snake:1  | Bought a scroll of blinking for 75 gold pieces
 32113 | Snake:1  | Bought 2 scrolls of teleportation for 60 gold pieces
 32113 | Snake:1  | Bought a scroll of enchant weapon for 75 gold pieces
 32133 | Snake:1  | Got a faintly glowing dagger
 32817 | Snake:2  | Found a hide-covered altar of Uskayaw.
 33249 | Snake:2  | Reached XP level 17. HP: 153/159 MP: 28/28
 33608 | Snake:2  | Reached skill level 15 in Invocations
 33791 | Snake:2  | Reached skill level 8 in Dodging
 33927 | Snake:3  | Found a glowing golden altar of the Shining One.
 34531 | Snake:3  | Found Rireukla's Food Emporium.
 34704 | Snake:3  | Gained Spirok as an ally
 34704 | Snake:3  | Gained Gorm as an ally
 34723 | Snake:3  | Reached skill level 15 in Armour
 34734 | Snake:3  | HP: 38/160 [poisoned by a naga ritualist (toxic radiance)]
 34739 | Snake:3  | HP: 32/160 [poisoned by a naga ritualist (toxic radiance)]
 34744 | Snake:3  | HP: 29/160 [poisoned by a naga ritualist (toxic radiance)]
 34749 | Snake:3  | HP: 27/160 [poisoned by a naga ritualist (toxic radiance)]
 34755 | Snake:3  | HP: 27/160 [poisoned by a naga ritualist (toxic radiance)]
 34760 | Snake:3  | HP: 28/160 [poisoned by a naga ritualist (toxic radiance)]
 34766 | Snake:3  | HP: 31/160 [poisoned by a naga ritualist (toxic radiance)]
 34774 | Snake:3  | HP: 35/160 [poisoned by a naga ritualist (toxic radiance)]
 34992 | Snake:3  | Your ally Gorm died
 34998 | Snake:3  | Your ally Spirok died
 35019 | Snake:3  | HP: 37/160 [nagaraja/poison arrow (13)]
 35570 | Snake:3  | Reached skill level 17 in Fighting
 35846 | Snake:4  | Entered Level 4 of the Snake Pit
 35846 | Snake:4  | Found a stormy altar of Qazlal.
 35931 | Snake:4  | Found Lybb's Gadget Boutique.
 35933 | Snake:4  | Found Kuzyan Xeeg's Jewellery Emporium.
 35934 | Snake:4  | Found Ukkokow's Gadget Boutique.
 36296 | Snake:4  | Reached skill level 9 in Dodging
 36296 | Snake:4  | Reached skill level 16 in Invocations
 37144 | Snake:4  | Your ally Bogdan died
 37160 | Snake:4  | Your ally Orgrim died
 37165 | Snake:4  | Gained Orbeogh as an ally
 37170 | Snake:4  | Your ally Orbeogh died
 37186 | Snake:4  | Your ally Okrist died
 37195 | Snake:4  | Reached XP level 18. HP: 106/170 MP: 30/30
 37570 | Snake:4  | Got a serpentine rune of Zot
 37802 | Orc:1    | Entered Level 1 of the Orcish Mines
 38006 | Orc:1    | Gained Boldo as an ally
 38159 | Vaults:1 | Entered Level 1 of the Vaults
 39229 | Vaults:1 | Reached skill level 16 in Armour
 39270 | Vaults:1 | Got a translucent chain mail
 39281 | Vaults:1 | Identified the +8 chain mail "Earthly Heaven" {rCorr Str+5}
                  | (You found it on level 1 of the Vaults)
 39451 | Vaults:1 | Reached skill level 17 in Invocations
 39462 | Vaults:1 | Reached skill level 10 in Dodging
 39549 | Vaults:1 | Reached skill level 18 in Fighting
 40243 | Vaults:1 | Reached XP level 19. HP: 162/180 MP: 31/31
 40343 | Vaults:1 | Gained Ugbert as an ally
 40643 | Vaults:1 | Your ally Ugbert died
 41226 | Vaults:2 | Noticed Mara
 41232 | Vaults:2 | Killed Mara
 41345 | Vaults:2 | Reached skill level 18 in Invocations
 41566 | Vaults:2 | Found Givuredgh's Distillery.
 41574 | Vaults:2 | Bought a potion of mutation for 120 gold pieces
 41574 | Vaults:2 | Bought a potion of curing for 45 gold pieces
 41574 | Vaults:2 | Bought a potion of curing for 45 gold pieces
 41574 | Vaults:2 | Bought a potion of cancellation for 120 gold pieces
 41574 | Vaults:2 | Bought a potion of curing for 45 gold pieces
 41574 | Vaults:2 | Bought a potion of cancellation for 120 gold pieces
 41730 | Vaults:2 | Noticed Jory
 41844 | Vaults:2 | Reached skill level 17 in Armour
 41878 | Vaults:2 | HP: 43/181 [vault warden/+2 bardiche (6)]
 41883 | Vaults:2 | HP: 37/181 [vault warden/+2 bardiche (28)]
 41886 | Vaults:2 | HP: 8/181 [vault warden/+2 bardiche (29)]
 41890 | Vaults:2 | Reached skill level 11 in Dodging
 41890 | Vaults:2 | Slain by a vault warden

Levels and vault maps discovered:
D:1:      dpeg_arrival_court, layout_basic, minmay_tromino_i2
D:2:      layout_loops_ring, chequers_serial_rivers_small_a, st_stairs_4
D:3:      layout_basic, gammafunk_temple_overflow_pools,
          yredelemnul_altar_generic
D:4:      layout_basic, minmay_temple_entry_arrows,
          hangedman_decor_clover_reticule, uniq_robin
D:5:      layout_cave_pods, first_ration, uniq_duvessa, uniq_ijyb, uniq_pikel
D:6:      layout_loops_corners
D:7:      layout_loops_ring, nicolae_overflow_hidden_temple,
          chequers_temple_overflow_statue_of_worship
D:8:      gammafunk_sealed_arena, layout_cave_pools,
          nicolae_overflow_crystal_walls, minmay_lair_entry_grove, special_room
          [special_room_orc], grunt_pizzeria, minmay_orc_keep
D:9:      layout_loops_ring, orc_0_dummy, nrook_mini_backslash, grunt_tough_drop
D:10:     layout_cave_pools
D:11:     cheibrodos_statue_roulette, layout_small_grid
D:12:     layout_gridville, serial_shops, nicolae_shop_trees
D:13:     layout_roguey, serial_shops, shop, nicolae_tso_carved_into_rock,
          uniq_erolcha
D:14:     layout_basic, grunt_vaults_entry_tiered, serial_bayou_pond_c
D:15:     grunt_enter_depths_giant_problem, layout_basic,
          hangedman_decor_opposing, serial_shops, shop
Temple:   eino_temple_scatter_basement
Lair:1:   layout_misc_corridors, basic_altar
Lair:2:   layout_hall_layers, guppyfry_snake_entry_garden,
          gauntlet_entry_generic, minmay_lair_oklob_chamber
Lair:3:   layout_long_grid, elwin_shoals_entry_rocks, pf_torpor_hydra,
          serial_bayou_shore_b, uniq_sonja
Lair:4:   layout_big_grid
Lair:5:   layout_regular_city, minmay_slime_entry_oklob_enclosed,
          nicolae_lair_grove_arrangements, st_stairs_6
Lair:6:   cheibrodos_lair_end_hotspot, layout_regular_city, basic_altar,
          uniq_nessos
Shoals:1: layout_shoals, nicolae_island_escapes
Shoals:2: layout_shoals, uniq_polyphemus
Shoals:3: layout_shoals, uniq_kirke
Shoals:4: shoals_end_simple, layout_shoals, serial_shops, shop
Snake:1:  layout_concentric_octagons, serial_shops, shop, uniq_aizul
Snake:2:  layout_grid_maze, basic_altar, drop_trap,
          hangedman_snake_corridor_split
Snake:3:  nicolae_cobra_stairs, layout_misc_corridors, basic_altar,
          serial_shops, shop, serial_bayou_pond_b
Snake:4:  minmay_snake_end_coiled, layout_basic, basic_altar, minmay_shop_grove
Orc:1:    cheibrodos_orc_arena, layout_diamond_mine,
          nicolae_orc_flooded_monolith
Vaults:1: ontoclasm_vaults_water_temple, ontoclasm_vaults_tryst,
          nicolae_vaults_network_quincunx
          [nicolae_vaults_network_quincunx_subvault,
          nicolae_vaults_network_quincunx_subvault,
          nicolae_vaults_network_quincunx_subvault,
          nicolae_vaults_network_quincunx_subvault,
          nicolae_vaults_network_quincunx_subvault], nicolae_vaults_alarming,
          dpeg_vaults_monster_box, ontoclasm_vaults_bender, v_alt_pattern_5,
          vaults_dpeg_spiral, ontoclasm_vaults_decontamination,
          vaults_standard_mumra_enter_the_diamond,
          hangedman_vaults_stretched_pinwheel, vaults_dpeg_encased_lava,
          layout_vaults_omnigrid
Vaults:2: nicolae_vaults_three_branches, grunt_vaults_swirl, v_pattern_5,
          vaults_mumra_minichess_inversion, grunt_vaults_funnel,
          nicolae_vaults_network_s, vaults_room_ringed_pool,
          nicolae_vaults_little_squares_5, nicolae_vaults_fighting_squares,
          ontoclasm_vaults_ligature, ontoclasm_vaults_ring_square,
          v_alt_pattern_4, nicolae_vaults_shelves_hall, nicolae_vaults_asterisk,
          layout_vaults_ring, serial_shops, shop, uniq_saint_roka, uniq_mara,
          uniq_jory

Skill      XL: |  1  2  3  4  5  6  7  8  9 10 11 12 13 14 15 16 17 18 19 |
---------------+----------------------------------------------------------+-----
Fighting       | 4 5 6 7 8 9 10 11 13 14 15 16 17 18 | 18.8
Axes           | 5 6 7 8 10 12 13 15 17 18 20 | 20.0
Dodging        | 3 6 7 9 10 11 | 11.0
Invocations    | 2 4 6 8 10 11 13 14 16 17 18 | 18.1
Armour         | 2 3 5 7 8 9 11 12 13 14 15 16 17 | 17.0
Evocations     | 4 6 |  6.9
Stealth        | |  1.5

Action                   |  1- 3 |  4- 6 |  7- 9 | 10-12 | 13-15 | 16-18 | 19-21 || total
-------------------------+-------+-------+-------+-------+-------+-------+-------++-------
Melee: Hand axe          |   125 |   284 |   406 |   138 |       |       |       ||   953
       War axe           |       |       |    72 |       |       |       |       ||    72
       Battleaxe         |       |       |     2 |   436 |   803 |  1178 |   155 ||  2574
Throw: Dart              |       |    11 |    12 |     5 |       |       |       ||    28
       Throwing net      |       |     1 |       |       |       |       |       ||     1
Invok: Smiting           |       |       |     5 |    11 |    27 |    27 |     9 ||    79
       Convert to Beogh  |       |       |     1 |       |       |       |       ||     1
       Recall Orcish Fol |       |       |       |    13 |    23 |    14 |     6 ||    56
       Give Item to Name |       |       |       |       |     1 |     6 |       ||     7
Evoke: Wand              |       |       |     3 |     2 |    26 |    20 |       ||    51
  Use: Potion            |     1 |       |     1 |     1 |     4 |     7 |     9 ||    23
       Scroll            |       |     6 |     7 |    15 |    12 |     8 |     1 ||    49
 Stab: Sleeping          |     1 |       |     1 |       |       |       |       ||     2
       Held in net/web   |       |     3 |       |       |       |       |       ||     3
       Distracted        |       |       |       |     3 |    12 |    10 |       ||    25
  Eat: Chunk             |     2 |     9 |     4 |    18 |    29 |     8 |     6 ||    76
       Ration            |       |       |     4 |     2 |     4 |     8 |       ||    18
Armor: Leather armour    |     6 |       |       |       |       |       |       ||     6
       Robe              |     2 |       |       |       |       |       |       ||     2
       Ring mail         |    23 |    69 |    23 |       |       |       |       ||   115
       Scale mail        |       |       |   119 |    21 |       |       |       ||   140
       Chain mail        |       |       |       |   311 |   338 |    64 |    85 ||   798
       Plate armour      |       |       |       |       |   178 |   526 |       ||   704
Dodge: Dodged            |    76 |   145 |   211 |   294 |   481 |   667 |   112 ||  1986

Table legend:
 A = Non-vault XP
 B = Vault XP
 C = Vault XP percentage of total XP
 D = Non-vault monster count
 E = Vault monster count
 F = Vault count percentage of total count
                 A         B        C        D         E       F
            +---------+---------+-------+---------+---------+-------
      Total |  221088 |  132480 |  37.5 |     766 |     266 |  25.8
            +---------+---------+-------+---------+---------+-------
        D:1 |      54 |       4 |   6.9 |      17 |       2 |  10.5
        D:2 |      78 |       5 |   6.0 |      26 |       2 |   7.1
        D:3 |     149 |      18 |  10.8 |      19 |       9 |  32.1
        D:4 |     522 |      17 |   3.2 |      12 |       2 |  14.3
        D:5 |     640 |     908 |  58.7 |      14 |       4 |  22.2
        D:6 |     913 |       0 |   0.0 |      28 |       0 |   0.0
        D:7 |     954 |       0 |   0.0 |      28 |       0 |   0.0
        D:8 |    5818 |    1989 |  25.5 |      38 |      26 |  40.6
        D:9 |    2244 |    1330 |  37.2 |      23 |       5 |  17.9
       D:10 |    2330 |       0 |   0.0 |      19 |       0 |   0.0
       D:11 |    7799 |    1583 |  16.9 |      43 |       4 |   8.5
       D:12 |    5508 |       0 |   0.0 |      24 |       0 |   0.0
       D:13 |    5593 |    1048 |  15.8 |      34 |       1 |   2.9
       D:14 |    6948 |    8357 |  54.6 |      20 |      25 |  55.6
       D:15 |   15460 |       0 |   0.0 |      37 |       0 |   0.0
     Lair:1 |    1606 |      94 |   5.5 |      13 |       1 |   7.1
     Lair:2 |    2681 |    1387 |  34.1 |      16 |       5 |  23.8
     Lair:3 |    5544 |     795 |  12.5 |      21 |       1 |   4.5
     Lair:4 |    3221 |       0 |   0.0 |      15 |       0 |   0.0
     Lair:5 |    6974 |     120 |   1.7 |      27 |       1 |   3.6
     Lair:6 |    9393 |    9616 |  50.6 |      31 |      29 |  48.3
   Shoals:1 |    2416 |     933 |  27.9 |       3 |       1 |  25.0
   Shoals:2 |   14866 |    1725 |  10.4 |      29 |       2 |   6.5
   Shoals:3 |   10485 |    3075 |  22.7 |      21 |       2 |   8.7
   Shoals:4 |    7766 |    9430 |  54.8 |      21 |      20 |  48.8
    Snake:1 |    6645 |       0 |   0.0 |      12 |       0 |   0.0
    Snake:2 |   12107 |    5473 |  31.1 |      19 |      14 |  42.4
    Snake:3 |   17707 |   14584 |  45.2 |      31 |      18 |  36.7
    Snake:4 |   11269 |   16095 |  58.8 |      22 |      35 |  61.4
      Orc:1 |    1116 |       0 |   0.0 |      17 |       0 |   0.0
   Vaults:1 |   47321 |   25781 |  35.3 |      76 |      30 |  28.3
   Vaults:2 |    4961 |   28113 |  85.0 |      10 |      27 |  73.0
            +---------+---------+-------+---------+---------+-------

Levels and vault maps discovered:
D:1:      dpeg_arrival_court, layout_basic, minmay_tromino_i2
D:2:      layout_loops_ring, chequers_serial_rivers_small_a, st_stairs_4
D:3:      layout_basic, gammafunk_temple_overflow_pools,
          yredelemnul_altar_generic
D:4:      layout_basic, minmay_temple_entry_arrows,
          hangedman_decor_clover_reticule, uniq_robin
D:5:      layout_cave_pods, first_ration, uniq_duvessa, uniq_ijyb, uniq_pikel
D:6:      layout_loops_corners
D:7:      layout_loops_ring, nicolae_overflow_hidden_temple,
          chequers_temple_overflow_statue_of_worship
D:8:      gammafunk_sealed_arena, layout_cave_pools,
          nicolae_overflow_crystal_walls, minmay_lair_entry_grove, special_room
          [special_room_orc], grunt_pizzeria, minmay_orc_keep
D:9:      layout_loops_ring, orc_0_dummy, nrook_mini_backslash, grunt_tough_drop
D:10:     layout_cave_pools
D:11:     cheibrodos_statue_roulette, layout_small_grid
D:12:     layout_gridville, serial_shops, nicolae_shop_trees
D:13:     layout_roguey, serial_shops, shop, nicolae_tso_carved_into_rock,
          uniq_erolcha
D:14:     layout_basic, grunt_vaults_entry_tiered, serial_bayou_pond_c
D:15:     grunt_enter_depths_giant_problem, layout_basic,
          hangedman_decor_opposing, serial_shops, shop
Temple:   eino_temple_scatter_basement
Lair:1:   layout_misc_corridors, basic_altar
Lair:2:   layout_hall_layers, guppyfry_snake_entry_garden,
          gauntlet_entry_generic, minmay_lair_oklob_chamber
Lair:3:   layout_long_grid, elwin_shoals_entry_rocks, pf_torpor_hydra,
          serial_bayou_shore_b, uniq_sonja
Lair:4:   layout_big_grid
Lair:5:   layout_regular_city, minmay_slime_entry_oklob_enclosed,
          nicolae_lair_grove_arrangements, st_stairs_6
Lair:6:   cheibrodos_lair_end_hotspot, layout_regular_city, basic_altar,
          uniq_nessos
Shoals:1: layout_shoals, nicolae_island_escapes
Shoals:2: layout_shoals, uniq_polyphemus
Shoals:3: layout_shoals, uniq_kirke
Shoals:4: shoals_end_simple, layout_shoals, serial_shops, shop
Snake:1:  layout_concentric_octagons, serial_shops, shop, uniq_aizul
Snake:2:  layout_grid_maze, basic_altar, drop_trap,
          hangedman_snake_corridor_split
Snake:3:  nicolae_cobra_stairs, layout_misc_corridors, basic_altar,
          serial_shops, shop, serial_bayou_pond_b
Snake:4:  minmay_snake_end_coiled, layout_basic, basic_altar, minmay_shop_grove
Orc:1:    cheibrodos_orc_arena, layout_diamond_mine,
          nicolae_orc_flooded_monolith
Vaults:1: ontoclasm_vaults_water_temple, ontoclasm_vaults_tryst,
          nicolae_vaults_network_quincunx
          [nicolae_vaults_network_quincunx_subvault,
          nicolae_vaults_network_quincunx_subvault,
          nicolae_vaults_network_quincunx_subvault,
          nicolae_vaults_network_quincunx_subvault,
          nicolae_vaults_network_quincunx_subvault], nicolae_vaults_alarming,
          dpeg_vaults_monster_box, ontoclasm_vaults_bender, v_alt_pattern_5,
          vaults_dpeg_spiral, ontoclasm_vaults_decontamination,
          vaults_standard_mumra_enter_the_diamond,
          hangedman_vaults_stretched_pinwheel, vaults_dpeg_encased_lava,
          layout_vaults_omnigrid
Vaults:2: nicolae_vaults_three_branches, grunt_vaults_swirl, v_pattern_5,
          vaults_mumra_minichess_inversion, grunt_vaults_funnel,
          nicolae_vaults_network_s, vaults_room_ringed_pool,
          nicolae_vaults_little_squares_5, nicolae_vaults_fighting_squares,
          ontoclasm_vaults_ligature, ontoclasm_vaults_ring_square,
          v_alt_pattern_4, nicolae_vaults_shelves_hall, nicolae_vaults_asterisk,
          layout_vaults_ring, serial_shops, shop, uniq_saint_roka, uniq_mara,
          uniq_jory

Table legend:
 A = Turns spent in this place as a percentage of turns spent in the entire game.
 B = Non-inter-level travel turns spent in this place as a percentage of non-inter-level travel turns spent in the entire game.
 C = Inter-level travel turns spent in this place as a percentage of turns spent in this place.
 D = Turns resting spent in this place as a percentage of non-inter-level travel turns spent in this place.
 E = Turns spent auto-exploring this place as a percentage of non-inter-level travel turns spent in this place.
 F = Non-inter-level travel turns spent in this place divided by the number of levels of this place that you've seen.
                   A       B       C       D       E      F
               +-------+-------+-------+-------+-------+----------------------
         Total | 100.0 | 100.0 |   6.0 |  35.8 |  34.6 | 1193.4
       Dungeon |  42.6 |  41.7 |   7.9 |  33.6 |  38.0 | 1095.3
        Temple |   0.1 |   0.0 |  30.8 |   0.0 |  50.0 |  18.0
          Lair |  24.2 |  24.2 |   5.9 |  41.2 |  36.3 | 1587.3
        Shoals |   9.7 |  10.1 |   2.7 |  42.3 |  16.8 | 990.5
     Snake Pit |  14.2 |  14.5 |   3.9 |  36.6 |  34.9 | 1429.5
  Orcish Mines |   0.6 |   0.6 |   6.2 |   0.0 |   4.8 | 227.0
        Vaults |   8.7 |   8.9 |   3.8 |  25.2 |  35.5 | 1752.5
               +-------+-------+-------+-------+-------+----------------------

Table legend:
 A = Kills in this place as a percentage of kills in entire the game.
 B = Kills by you in this place as a percentage of kills by you in the entire game.
 C = Kills by friends in this place as a percentage of kills by friends in the entire game.
 D = Other kills in this place as a percentage of other kills in the entire game.
 E = Experience gained in this place as a percentage of experience gained in the entire game.
 F = Experience gained in this place divided by the number of levels of this place that you have seen.
                   A       B       C       D       E      F
               +-------+-------+-------+-------+-------+----------------------
         Total | 100.0 | 100.0 | 100.0 | 100.0 | 100.0 | 10714.2
       Dungeon |  44.8 |  44.2 |  47.2 |  50.0 |  19.9 | 4684.6
          Lair |  15.5 |  15.2 |  16.2 |  50.0 |  11.7 | 6905.2
        Shoals |   9.6 |   9.4 |  10.7 |   0.0 |  14.3 | 12674.0
     Snake Pit |  14.6 |  14.4 |  15.7 |   0.0 |  23.7 | 20970.0
  Orcish Mines |   1.6 |   1.2 |   3.6 |   0.0 |   0.3 | 1116.0
        Vaults |  13.9 |  15.6 |   6.6 |   0.0 |  30.0 | 53088.0
               +-------+-------+-------+-------+-------+----------------------
